 Dungeon Crawl Stone Soup version 0.30-a0-652-gcc886f7154 (webtiles) character file.

Game seed: 9389246071892291046

140 NotreDorf the Poker (level 5, 0/41 HPs)
             Began as a Merfolk Reaver on Jan 18, 2023.
             Killed from afar by a white imp (7 damage)
             ... with a puff of frost
             ... on level 4 of the Dungeon.
             The game lasted 00:05:34 (1859 turns).

NotreDorf the Poker (Merfolk Reaver)                Turns: 1859, Time: 00:05:34

Health: 0/41       AC:  6    Str: 12      XL:     5   Next: 23%
Magic:  9/9        EV: 12    Int: 13      God:
Gold:   188        SH:  0    Dex: 13 (14) Spells: 6/9 levels left

rFire   . . .      SeeInvis .    a - +0 spear
rCold   . . .      Faith    .    (no shield)
rNeg    + . .      Spirit   .    b - +0 leather armour
rPois   .          Reflect  .    i - +2 helmet
rElec   .          Harm     .    (no cloak)
rCorr   .          Rampage  .    (no gloves)
Will    .....                    (no boots)
Stlth   +                        (no amulet)
HPRegen 0.26/turn                h - ring of positive energy
MPRegen 0.11/turn                (no ring)

@: no status effects
A: (nimble swimmer 2), mertail
a: no special abilities


You were on level 4 of the Dungeon.
You visited 1 branch of the dungeon, and saw 3 of its levels.

You collected 188 gold pieces.

Inventory:

Hand Weapons
 a - a +0 spear (weapon)
Armour
 b - a +0 leather armour (worn)
 i - a +2 helmet (worn)
Jewellery
 g - an amulet of faith
 h - a ring of positive energy (left hand)
 l - a ring of fire
Scrolls
 c - a scroll of fear {unknown}
 d - a scroll of amnesia {unknown}
 e - 7 scrolls of identify {unknown}
 f - 2 scrolls of teleportation {unknown}
 m - a scroll of enchant armour {unknown}
 o - a scroll of magic mapping {unknown}
Potions
 j - a potion of might {unknown}
 k - 3 potions of lignification {unknown}
 n - a potion of curing {unknown}
 p - a potion of ambrosia {unknown}


   Skills:
 + Level 3.2 Fighting
 + Level 4.9 Polearms
 + Level 4.0 Dodging
 + Level 2.7 Spellcasting
 + Level 3.0 Conjurations


You had 6 spell levels left.
You knew the following spells:

 Your Spells              Type           Power      Damage    Failure   Level
a - Kiss of Death         Conj/Necr      20%        2d7       16%         1
b - Momentum Strike       Conj/Tloc      10%        3d8       24%         2

Your spell library contained the following spells:

 Spells                   Type           Power      Damage    Failure   Level
 Magic Dart               Conj           36%        1d4       9%          1
 Call Imp                 Summ           1%         N/A       41%         2
 Hailstorm                Conj/Ice       5%         3d4       43%         3
 Mephitic Cloud           Conj/Pois/Air  4%         N/A       52%         3
 Summon Guardian Golem    Hex/Summ       1%         N/A       65%         3
 Orb of Destruction       Conj           4%         9d5       100%        7
 Spellforged Servitor     Conj/Summ      2%         N/A       100%        7


Dungeon Overview and Level Annotations

Branches:
Dungeon (2/15)

Altars:


Innate Abilities, Weirdness & Mutations

((You are very nimble when in or above water. (Stealth+, EV+, Speed+++)))
Your lower body shifts to a powerful aquatic tail in water.


Message History

You hit the quokka.
You kill the quokka!
Your Dodging skill increases to level 4!
No target in view!
You now have 188 gold pieces (gained 10).
You see here a hobgoblin corpse.
You open the door.
There is an open door here.
A white imp comes into view.
The white imp shouts, "Crawl home, thou venomed onion-eyed foot-licker!"
The white imp gestures at you. The puff of frost hits you.
A white imp comes into view.
The white imp gestures at you. The puff of frost hits you!
The white imp gestures at you. The puff of frost hits you!
There is an open door here.
You start resting.
A white imp is nearby!
The white imp gestures at you. The puff of frost hits you!
You are too injured to fight recklessly!
You are too injured to fight recklessly!
Reach: a) +0 spear
Press: ? - help, Dir - move target, f - white imp
Aim: a white imp (about 37% to evade your +0 spear)
You reach to attack!
You hit the white imp.
The white imp is moderately wounded.
You hit the white imp but do no damage.
The white imp is moderately wounded.
The white imp hits you.
* * * LOW HITPOINT WARNING * * *
The white imp freezes you.
* * * LOW HITPOINT WARNING * * *
You hit the white imp but do no damage.
The white imp is moderately wounded.
The white imp gestures at you. The puff of frost hits you!
You die...

...~§§§...'.........#...
.....§♣...##..###...#...
### #...###'###...####
##...##.........#
#....#..........#
#....#..........# #
###'###..###+####
##.###..##..##
+....@5....†>#
#............#
#............#
#............#
###'######..## ... #..#
... #... .... #....


You could see a white imp.

Vanquished Creatures
  2 quasits (D:4)
  An adder (D:2)
  A shadow imp (D:4)
  2 white imps (D:4)
  2 ufetubi (D:4)
  2 worms
  4 endoplasms
  2 goblins
  5 hobgoblins
  2 kobolds
  3 quokkas
  3 ball pythons (D:2)
  4 bats
  A frilled lizard (D:1)
34 creatures vanquished.

Vanquished Creatures (others)
  A demonic plant (D:4)
  A fungus (D:2)
  2 plants (D:2)
4 creatures vanquished.

Grand Total: 38 creatures vanquished

Notes
Turn   | Place    | Note
-------+----------+-------------------------------------------
     0 | D:1      | NotreDorf the Merfolk Reaver began the quest for the Orb.
     0 | D:1      | Reached XP level 1. HP: 16/16 MP: 3/3
   907 | D:2      | Reached XP level 2. HP: 23/23 MP: 5/5
  1058 | D:2      | Learned a level 2 spell: Momentum Strike
  1075 | D:2      | Found a faded altar of an unknown god.
  1165 | D:2      | Reached XP level 3. HP: 28/28 MP: 6/6
  1453 | D:2      | You fall into a shaft and drop 2 floors!
  1464 | D:4      | Reached XP level 4. HP: 33/34 MP: 7/7
  1567 | D:4      | Reached XP level 5. HP: 18/41 MP: 7/9
  1613 | D:4      | HP: 2/41 [white imp/puff of frost (3)]
  1859 | D:4      | Killed from afar by a white imp

Illustrated notes

Levels and vault maps discovered:
D:1:      nzn_arrival_crosshair, layout_loops_ring
D:2:      layout_loops_corners, shapermc_ecumenical_altar_mp_ritualfount
D:4:      layout_gridville, serial_demonic, serial_demonic_f, serial_demonic_d,
          serial_demonic_a, serial_demonic_a

Skill      XL: |  1  2  3  4  5 |
---------------+----------------+-----
Dodging        | 3 4 |  4.0
Fighting       | 3 |  3.2
Conjurations   | 3 |  3.0
Polearms       | |  4.9
Spellcasting   | |  2.7

Action                   |  1- 3 |  4- 6 || total
-------------------------+-------+-------++-------
Melee: Spear             |    83 |    90 ||   173
 Stab: Sleeping          |     1 |       ||     1
Armor: Leather armour    |    19 |    49 ||    68
Dodge: Dodged            |    44 |    89 ||   133

Table legend: (Time is in decaauts)
 A = Elapsed time spent in this place.
 B = Non-inter-level travel time spent in this place.
 C = Inter-level travel time spent in this place.
 D = Time resting spent in this place.
 E = Time spent auto-exploring this place.
 F = Levels seen in this place.
 G = Mean time per level.
                   A        B        C        D        E       F      G
               +--------+--------+--------+--------+--------+-----+--------+
         Total |   1835 |   1759 |     76 |    161 |   1295 |   3 |  611.7 |
       Dungeon |   1835 |   1759 |     76 |    161 |   1295 |   3 |  611.7 |
               +--------+--------+--------+--------+--------+-----+--------+

Top non-repeatable levels by time:
     D:1: 752 daAuts
     D:2: 690 daAuts
     D:4: 392 daAuts
